 Dungeon Crawl Stone Soup version 0.26-a0-850-g97a50ab700 (webtiles) character file.

Game seed: 12941867531254381244

1358 robertstho the Chiller (level 8, -3/55 HPs)
             Began as a Merfolk Ice Elementalist on Nov 20, 2020.
             Was a Follower of Sif Muna.
             Slain by an ogre
             ... wielding a +0 giant spiked club
              (26 damage)
             ... on level 6 of the Dungeon.
             The game lasted 00:09:38 (6775 turns).

robertstho the Chiller (Merfolk Ice Elementalist)   Turns: 6775, Time: 00:09:41

Health: -3/55      AC:  7    Str:  8    XL:     8   Next: 64%
Magic:  11/16      EV: 13    Int: 17    God:    Sif Muna [*.....]
Gold:   287        SH:  0    Dex: 14    Spells: 2/17 levels left

rFire    . . .     SeeInvis .   t - +2 trident (protect)
rCold    + . .     Faith    .   (no shield)
rNeg     . . .     Spirit   .   f - +0 leather armour (curse)
rPois    .         Reflect  .   (no helmet)
rElec    .         Harm     .   q - +0 cloak
rCorr    .         Rampage  .   y - +2 pair of gloves of Appiec {rC+ MR+}
MR       +....                  (no boots)
Stlth    ++++......             (no amulet)
HPRegen  0.18/turn              l - ring of stealth
MPRegen  0.15/turn              (no ring)

@: frozen ramparts
A: change form in water, swift swim, stealthy swim
a: Channel Magic, Renounce Religion


You were on level 6 of the Dungeon.
You worshipped Sif Muna.
Sif Muna was aware of your devotion.
You visited 2 branches of the dungeon, and saw 7 of its levels.
You also visited: Sewer.

You collected 287 gold pieces.

Inventory:

Hand Weapons
 p - a +2 quarterstaff of chaos
 r - a +2 dagger of holy wrath
 t - a +2 trident of protection (weapon)
Armour
 a - a +0 robe
 f - a cursed +0 leather armour (worn)
 q - a +0 cloak (worn)
 y - the +2 pair of gloves of Appiec (worn) {rC+ MR+}
   (You found it on level 5 of the Dungeon)

   It protects you from cold.
   It affects your resistance to hostile enchantments.
 B - a +2 robe of magic resistance
Jewellery
 l - a ring of stealth (left hand)
 A - an uncursed ring of stealth
Scrolls
 b - a scroll of enchant armour {unknown}
 e - a scroll of noise {unknown}
 h - 4 scrolls of blinking {unknown}
 j - 4 scrolls of amnesia
 m - a scroll of fog {unknown}
 n - 5 scrolls of remove curse {unknown}
 o - 3 scrolls of teleportation {unknown}
 s - 5 scrolls of identify
 v - a scroll of enchant weapon {unknown}
 w - a scroll of fear {unknown}
Potions
 c - a potion of heal wounds
 d - a potion of lignification {unknown}
 g - 2 potions of invisibility {unknown}
 i - a potion of haste {unknown}
 k - 2 potions of resistance {unknown}
 u - a potion of flight {unknown}
 x - a potion of attraction {unknown}
 z - a potion of experience {unknown}


   Skills:
 + Level 1.7 Fighting
 + Level 1.2 Short Blades
 + Level 3.3(3.4) Polearms
 + Level 0.3(1.1) Staves
 + Level 1.9 Armour
 + Level 3.8 Dodging
 * Level 5.1 Stealth
 * Level 5.4 Spellcasting
 * Level 7.2 Ice Magic
 * Level 2.0 Invocations


You had 2 spell levels left.
You knew the following spells:

 Your Spells              Type           Power        Failure   Level
a - Freeze                Ice            ####         1%          1
b - Frozen Ramparts       Ice            ####..       3%          3
c - Ozocubu's Armour      Ice            ####....     3%          3
d - Hailstorm             Conj/Ice       ###.....     41%         4
e - Summon Ice Beast      Ice/Summ       ###.....     41%         4

Your spell library contained the following spells:

 Spells                   Type           Power        Failure   Level


Dungeon Overview and Level Annotations

Branches:
Dungeon (6/15)             Temple (1/1) D:4           Sewer (visited)

Altars:
Ashenzari
Cheibriados
Dithmenos
Elyvilon
Fedhas
Gozag
Hepliaklqana
Kikubaaqudgha
Makhleb
Okawaru
Qazlal
Sif Muna
Trog
Uskayaw
Vehumet
Wu Jian
Xom
Yredelemnul
Zin
The Shining One

Annotations:
D:6 Prince Ribbit


Message History

The wall freezes Prince Ribbit.
Prince Ribbit seems to slow down.
Prince Ribbit catches a millipede with his tongue.
The wall freezes the ogre.
The wall freezes the ogre.
The wall freezes the ogre.
The wall freezes Prince Ribbit.
Prince Ribbit seems to slow down.
The wall freezes the ogre!
The wall freezes Prince Ribbit!
Prince Ribbit seems to slow down.
There is a stone staircase leading up here.
You are too injured to fight recklessly!
Casting: Frozen Ramparts (dangerous; 3% risk of failure)
Confirm with . or Enter, or press ? or * to list all spells.
Aiming: Freeze (safe; 1% risk of failure)
Press: ? - help, Shift-Dir - straight line, f - ogre
Aim: an ogre, wielding a +0 giant spiked club (severely wounded)
You freeze the ogre.
The ogre is severely wounded.
The wall freezes the ogre.
The ogre hits you with a +0 giant spiked club!!
You die...

#.# #####.#
#.....##
####...# #...#
#...# ##.##
####...####
#....@..).#
####.O.##.#
##.###.# #F# #.#
#.###.#
#.>[..#####
###.........
#######...######
#..........#


You could see Prince Ribbit (slow) and an ogre.

Vanquished Creatures
  Pikel (D:6)
  A soldier ant (shapeshifter) (D:3)
  An ogre (D:4)
  A lemure (D:6)
  A bullfrog (Sewer)
  A gnoll sergeant (D:5)
  3 hounds
  3 orc wizards
  2 orc priests (D:4)
  Crazy Yiuf (D:2)
  An iguana (D:4)
  A worker ant zombie (D:2)
  2 howler monkey skeletons
  3 gnolls (D:5)
  11 adders
  An ooze (D:4)
  4 worms
  8 leopard geckos
  13 orcs
  5 ball pythons
  12 giant cockroaches
  15 goblins
  4 hobgoblins
  4 jackals (D:2)
  5 bats
  11 frilled lizards
  7 kobolds
  6 rats
128 creatures vanquished.

Notes
Turn   | Place    | Note
-------+----------+-------------------------------------------
     0 | D:1      | robertstho the Merfolk Ice Elementalist began the quest for
                  | the Orb.
     0 | D:1      | Reached XP level 1. HP: 13/13 MP: 3/3
   504 | D:1      | Reached XP level 2. HP: 16/19 MP: 3/5
  1011 | D:2      | Reached skill level 5 in Ice Magic
  1011 | D:2      | Reached XP level 3. HP: 13/24 MP: 2/6
  1347 | D:2      | Found a runed translucent door.
  1348 | D:2      | Noticed Crazy Yiuf
  1745 | D:2      | HP: 1/24 [bat (1)]
  1823 | D:2      | Learned a level 3 spell: Frozen Ramparts
  1863 | D:2      | Reached XP level 4. HP: 30/30 MP: 2/7
  1904 | D:2      | Learned a level 3 spell: Ozocubu's Armour
  2177 | D:2      | Found a faded altar of an unknown god.
  2712 | D:2      | Killed Crazy Yiuf
  2849 | D:3      | Reached XP level 5. HP: 36/36 MP: 5/9
  2862 | D:3      | Reached skill level 1 in Short Blades
  2885 | D:3      | Noticed a shapeshifter
  2885 | D:3      | an orc changed into a shapeshifter
  2885 | D:3      | Noticed a cane toad
  2885 | D:3      | a shapeshifter changed into a cane toad
  2886 | D:3      | Noticed a soldier ant
  2886 | D:3      | a cane toad changed into a soldier ant
  2890 | D:3      | Killed a soldier ant
  2891 | D:3      | Reached XP level 6. HP: 25/42 MP: 1/11
  2911 | D:3      | Reached skill level 1 in Armour
  3050 | D:3      | Found a blossoming altar of Fedhas.
  3050 | D:3      | Found a glowing golden altar of the Shining One.
  3081 | D:3      | Found a glowing drain.
  3092 | Sewer    | Entered a sewer
  3216 | Sewer    | Reached skill level 6 in Ice Magic
  3647 | D:3      | Reached XP level 7. HP: 43/47 MP: 8/12
  3881 | D:3      | You fall into a shaft and drop 1 floor!
  4114 | D:4      | Found a hazy altar of Hepliaklqana.
  4354 | D:4      | Found a staircase to the Ecumenical Temple.
  4510 | D:4      | Reached skill level 1 in Fighting
  4510 | D:4      | Reached skill level 1 in Polearms
  4838 | Temple   | Entered the Ecumenical Temple
  5005 | Temple   | Became a worshipper of Sif Muna the Loreminder
  5041 | D:4      | Learned a level 4 spell: Hailstorm
  5046 | D:4      | Learned a level 4 spell: Summon Ice Beast
  5458 | D:3      | Reached * piety under Sif Muna
  5648 | D:5      | Entered Level 5 of the Dungeon
  5772 | D:5      | Got a pair of ancient gloves
  5777 | D:5      | Identified the +2 pair of gloves of Appiec {rC+ MR+} (You
                  | found it on level 5 of the Dungeon)
  5942 | D:5      | Reached XP level 8. HP: 45/54 MP: 10/15
  6479 | D:6      | Noticed Pikel
  6491 | D:6      | Killed Pikel
  6492 | D:6      | Reached skill level 5 in Stealth
  6492 | D:6      | Reached skill level 5 in Spellcasting
  6492 | D:6      | Reached skill level 7 in Ice Magic
  6492 | D:6      | Reached skill level 1 in Invocations
  6753 | D:6      | Noticed Prince Ribbit
  6775 | D:6      | Slain by an ogre

Illustrated notes

Levels and vault maps discovered:
D:1:      heliophobic_arrival_enchanted_forest, layout_basic
D:2:      layout_loops_cross, chequers_ecumenical_altar_grove,
          uniq_crazy_yiuf_cottage
D:3:      layout_basic, gammafunk_temple_overflow_elements,
          portal_sewer_entry_d, minmay_goblin_outpost
D:4:      layout_gridville, kennysheep_mini, minmay_temple_entry_statues_pillars
D:5:      layout_basic
D:6:      layout_loops_ring, nemelex_xobeh_ov_fountains_minmay, basic_altar,
          biasface_ghost_orc_armoury, lightli_church_of_beogh, uniq_pikel,
          uniq_prince_ribbit1, uniq_edmund, uniq_maggie
Temple:   bh_familiar_temple

Skill      XL: |  1  2  3  4  5  6  7  8 |
---------------+-------------------------+-----
Ice Magic      | 5 6 7 |  7.2
Dodging        | 3 |  3.8
Stealth        | 3 4 5 |  5.1
Short Blades   | 1 |  1.2
Spellcasting   | 3 4 5 |  5.4
Armour         | 1 |  1.9
Fighting       | 1 |  1.7
Polearms       | 1 3 |  3.3
Invocations    | 2 |  2.0
Staves         | |  0.3

Action                   |  1- 3 |  4- 6 |  7- 9 || total
-------------------------+-------+-------+-------++-------
Melee: Unarmed           |    25 |       |       ||    25
       Club              |     9 |       |       ||     9
       Dagger            |   114 |    45 |     1 ||   160
       Quarterstaff      |       |    28 |       ||    28
       Trident           |       |       |    84 ||    84
 Cast: Freeze            |    25 |     4 |     8 ||    37
       Frozen Ramparts   |     1 |    17 |    23 ||    41
  Use: Scroll            |     2 |       |       ||     2
       Potion            |     1 |       |       ||     1
 Stab: Sleeping          |     4 |     3 |     6 ||    13
Armor: Robe              |     3 |       |       ||     3
       Leather armour    |    66 |    10 |    35 ||   111
Dodge: Dodged            |   141 |    60 |    58 ||   259

Table legend: (Time is in decaauts)
 A = Elapsed time spent in this place.
 B = Non-inter-level travel time spent in this place.
 C = Inter-level travel time spent in this place.
 D = Time resting spent in this place.
 E = Time spent auto-exploring this place.
 F = Levels seen in this place.
 G = Mean time per level.
                   A        B        C        D        E       F      G
               +--------+--------+--------+--------+--------+-----+--------+
         Total |   6749 |   6391 |    358 |     16 |   5276 |   8 |  843.6 |
       Dungeon |   6125 |   5797 |    328 |     16 |   4811 |   6 | 1020.8 |
        Temple |    196 |    167 |     29 |      0 |    164 |   1 |  196.0 |
         Sewer |    427 |    427 |      0 |      0 |    301 |   1 |  427.0 |
               +--------+--------+--------+--------+--------+-----+--------+

Top non-repeatable levels by time:
     D:2: 1894 daAuts
     D:3: 1102 daAuts
     D:4: 1003 daAuts
     D:1: 993 daAuts
     D:5: 833 daAuts
   Sewer: 427 daAuts
     D:6: 298 daAuts
  Temple: 196 daAuts
